General information
- name: BNet
- type: Ladder team game (AT/RT)
- host: Battle.net
- saver: newplayer222.
map: MarketSquare
- players: 8
- length: 53:30
- speed: Fast
- version: 1.26 W3XP
- replay type: Public
» download(331 KB)
Players
team 1 (winner)
Harry.Tits (
red | 37 APM | 1983 actions | 53:28)
8 Demon Hunter
3 Immolation
3 Evasion
1 Metamorphosis
1 Mana Burn
» actions
| Assign group hotkey | 23 | |
| Build / train | 74 | |
| Enter build submenu | 27 | |
| Enter hero's abilities submenu | 8 | |
| Give item / drop item | 1 | |
| Right click | 812 | |
| Select / deselect | 372 | |
| Select group hotkey | 600 | |
| Use ability | 65 | |
1983 total
» units
| Wisp | 29 | |
| Archer | 3 | |
| Chimaera | 11 | |
| Hippogryph | 6 | |
49 total
» upgrades
| Corrosive Breath | 1 | |
| Well Spring | 1 | |
| Ultravision | 1 | |
| Strength of the Wild | 3 | |
| Reinforced Hides | 4 | |
10 total
» buildings
| Altar of Elders | 1 | |
| Moon Well | 8 | |
| Ancient of War | 2 | |
| Tree of Life | 5 | |
| Tree of Ages | 1 | |
| Tree of Eternity | 1 | |
| Ancient of Wind | 3 | |
| Chimaera Roost | 3 | |
| Hunter's Hall | 2 | |
26 total
» build order
00:04 Altar of Elders
00:05 Moon Well
01:06 Ancient of War
01:30 Moon Well
01:58 Ancient of War
02:16 Moon Well
03:03 Tree of Life
03:34 Tree of Ages
05:57 Tree of Eternity
06:01 Ancient of Wind
06:03 Ancient of Wind
06:05 Ancient of Wind
08:29 Chimaera Roost
08:29 Chimaera Roost
08:30 Chimaera Roost
09:10 Moon Well
09:14 Moon Well
10:07 Moon Well
10:10 Moon Well
13:47 Moon Well
14:57 Hunter's Hall
15:00 Hunter's Hall
18:59 Tree of Life
24:31 Tree of Life
28:45 Tree of Life
30:00 Tree of Life
» items
Hello-DIE-U-HOE (
yellow | 27 APM | 1113 actions | 41:56)
8 Blademaster
3 Wind Walk
3 Critical Strike
1 Bladestorm
1 Mirror Image
» actions
| Basic commands | 11 | |
| Build / train | 64 | |
| Enter build submenu | 17 | |
| Enter hero's abilities submenu | 8 | |
| Give item / drop item | 7 | |
| Right click | 670 | |
| Select / deselect | 266 | |
| Use ability | 70 | |
1113 total
» units
» upgrades
| Spiked Barricades | 1 | |
| Envenomed Spears | 1 | |
| Armor | 3 | |
| Ranged Weapons | 4 | |
9 total
» buildings
| Altar of Storms | 1 | |
| Orc Burrow | 8 | |
| War Mill | 1 | |
| Voodoo Lounge | 1 | |
| Stronghold | 1 | |
| Watch Tower | 15 | |
| Fortress | 1 | |
| Beastiary | 3 | |
31 total
» build order
00:10 Altar of Storms
00:15 Orc Burrow
01:31 Orc Burrow
01:38 War Mill
02:38 Voodoo Lounge
04:30 Stronghold
05:40 Orc Burrow
05:44 Orc Burrow
05:49 Orc Burrow
06:04 Watch Tower
06:05 Watch Tower
06:08 Watch Tower
06:09 Watch Tower
06:09 Watch Tower
06:10 Watch Tower
07:05 Fortress
07:20 Orc Burrow
07:21 Orc Burrow
07:47 Beastiary
07:53 Beastiary
08:00 Beastiary
08:17 Orc Burrow
16:50 Watch Tower
18:08 Watch Tower
18:09 Watch Tower
18:09 Watch Tower
18:10 Watch Tower
18:11 Watch Tower
18:12 Watch Tower
18:13 Watch Tower
18:14 Watch Tower
» items
| Staff of Teleportation | 3 | |
| Boots of Speed | 2 | |
| Healing Salve | 2 | |
| Tiny Great Hall | 1 | |
| Orb of Lightning | 4 | |
| Scroll of Town Portal | 2 | |
14 total
newplayer222. (
pink | 83 APM | 4430 actions | 53:29)
8 Pit Lord
3 Rain of Fire
3 Howl of Terror
1 Doom
1 Cleaving Attack
1 Beastmaster
1 Summon Quilbeast
1 Goblin Tinker
1 Engineering Upgrade
» actions
| Assign group hotkey | 66 | |
| Basic commands | 440 | |
| Build / train | 197 | |
| ESC pressed | 23 | |
| Enter build submenu | 86 | |
| Enter hero's abilities submenu | 10 | |
| Give item / drop item | 9 | |
| Right click | 1293 | |
| Select / deselect | 454 | |
| Select group hotkey | 1516 | |
| Use ability | 336 | |
4430 total
» units
| Peasant | 24 | |
| Footman | 5 | |
| Sorceress | 2 | |
| Dragonhawk Rider | 4 | |
| Gryphon Rider | 6 | |
| Siege Engine | 1 | |
42 total
» upgrades
| Swords | 3 | |
| Masonry | 3 | |
| Armor | 5 | |
| Gunpowder | 3 | |
| Lumber Harvesting | 2 | |
| Sorceress Training | 2 | |
| Magic Sentry | 1 | |
| Backpack | 1 | |
| Storm Hammers | 1 | |
| Cloud | 1 | |
| Barrage | 1 | |
| Plating | 3 | |
| Priest Training | 1 | |
| Control Magic | 1 | |
28 total
» buildings
| Altar of Kings | 1 | |
| Barracks | 1 | |
| Farm | 10 | |
| Arcane Vault | 1 | |
| Blacksmith | 1 | |
| Town Hall | 7 | |
| Scout Tower | 64 | |
| Lumber Mill | 1 | |
| Guard Tower | 25 | |
| Keep | 3 | |
| Arcane Sanctum | 1 | |
| Castle | 3 | |
| Gryphon Aviary | 4 | |
| Workshop | 1 | |
| Cannon Tower | 18 | |
141 total
» build order
00:56 Altar of Kings
00:58 Barracks
01:00 Farm
01:05 Farm
01:28 Farm
02:01 Arcane Vault
02:20 Farm
03:10 Blacksmith
04:02 Farm
04:56 Town Hall
05:01 Scout Tower
05:01 Scout Tower
05:02 Scout Tower
05:03 Scout Tower
05:05 Scout Tower
05:05 Scout Tower
05:12 Lumber Mill
06:17 Guard Tower
06:46 Keep
06:46 Keep
06:56 Guard Tower
09:07 Scout Tower
09:08 Scout Tower
09:09 Scout Tower
09:09 Scout Tower
09:11 Scout Tower
09:12 Scout Tower
09:13 Scout Tower
09:18 Arcane Sanctum
10:16 Guard Tower
10:16 Guard Tower
10:20 Town Hall
10:22 Scout Tower
10:22 Scout Tower
10:24 Scout Tower
10:29 Scout Tower
10:32 Scout Tower
10:37 Scout Tower
12:45 Scout Tower
12:47 Scout Tower
12:47 Scout Tower
12:48 Scout Tower
12:50 Scout Tower
12:51 Scout Tower
12:51 Scout Tower
12:59 Town Hall
13:01 Scout Tower
13:02 Scout Tower
13:02 Scout Tower
13:03 Scout Tower
13:04 Scout Tower
13:05 Scout Tower
13:20 Guard Tower
13:20 Guard Tower
13:22 Castle
13:26 Guard Tower
13:43 Guard Tower
13:43 Guard Tower
13:58 Guard Tower
13:59 Guard Tower
15:18 Guard Tower
15:19 Guard Tower
15:21 Scout Tower
15:22 Scout Tower
15:31 Scout Tower
15:37 Gryphon Aviary
15:42 Gryphon Aviary
15:43 Gryphon Aviary
16:50 Guard Tower
16:50 Guard Tower
16:53 Scout Tower
16:56 Scout Tower
17:00 Scout Tower
17:02 Scout Tower
17:16 Gryphon Aviary
17:26 Guard Tower
17:57 Guard Tower
18:01 Scout Tower
18:03 Scout Tower
18:06 Scout Tower
18:07 Scout Tower
18:10 Scout Tower
18:40 Guard Tower
20:14 Scout Tower
20:14 Scout Tower
20:17 Scout Tower
20:18 Scout Tower
20:19 Scout Tower
20:21 Scout Tower
20:23 Scout Tower
20:25 Scout Tower
20:25 Scout Tower
21:33 Guard Tower
21:33 Guard Tower
22:32 Farm
22:34 Farm
22:35 Farm
27:05 Farm
27:06 Farm
31:58 Workshop
32:07 Scout Tower
32:07 Scout Tower
32:12 Scout Tower
32:13 Scout Tower
32:18 Scout Tower
32:23 Scout Tower
32:24 Scout Tower
32:24 Scout Tower
32:29 Scout Tower
32:30 Scout Tower
32:32 Scout Tower
32:40 Cannon Tower
32:41 Cannon Tower
32:41 Cannon Tower
32:43 Cannon Tower
32:44 Cannon Tower
32:44 Cannon Tower
33:07 Cannon Tower
33:07 Cannon Tower
33:07 Cannon Tower
33:10 Cannon Tower
33:10 Cannon Tower
33:11 Cannon Tower
33:20 Cannon Tower
33:21 Cannon Tower
37:46 Town Hall
38:00 Town Hall
39:25 Town Hall
40:52 Town Hall
» items
| Scroll of Regeneration | 18 | |
| Periapt of Vitality | 3 | |
| Boots of Speed | 3 | |
| Staff of Teleportation | 3 | |
| Potion of Invisibility | 1 | |
| Lesser Clarity Potion | 7 | |
| Potion of Mana | 2 | |
| Scroll of Town Portal | 6 | |
| Potion of Healing | 2 | |
| Scroll of Healing | 1 | |
| Scroll of Protection | 1 | |
| Staff of Sanctuary | 1 | |
48 total
I.Suck.Go.Easy (
blue | 63 APM | 3352 actions | 53:28)
8 Blademaster
3 Wind Walk
3 Critical Strike
1 Bladestorm
1 Mirror Image
6 Tauren Chieftain
3 Shockwave
2 Endurance Aura
1 Reincarnation
4 Shadow Hunter
2 Healing Wave
2 Hex
» actions
| Basic commands | 116 | |
| Build / train | 126 | |
| Enter build submenu | 15 | |
| Enter hero's abilities submenu | 19 | |
| Give item / drop item | 12 | |
| Remove unit from queue | 9 | |
| Right click | 2351 | |
| Select / deselect | 557 | |
| Use ability | 147 | |
3352 total
» units
| Peon | 34 | |
| Wind Rider | 9 | |
| Troll Batrider | 4 | |
47 total
» upgrades
| Ranged Weapons | 3 | |
| Armor | 3 | |
| Envenomed Spears | 1 | |
| Shaman Training | 2 | |
| Witch Doctor Training | 2 | |
| Liquid Fire | 1 | |
12 total
» buildings
| Orc Burrow | 7 | |
| Altar of Storms | 1 | |
| Voodoo Lounge | 1 | |
| War Mill | 1 | |
| Stronghold | 1 | |
| Beastiary | 3 | |
| Fortress | 1 | |
| Spirit Lodge | 2 | |
| Great Hall | 1 | |
18 total
» build order
00:30 Orc Burrow
00:36 Altar of Storms
01:26 Voodoo Lounge
02:30 Orc Burrow
02:35 War Mill
03:00 Stronghold
03:48 Orc Burrow
05:10 Orc Burrow
05:53 Beastiary
05:55 Beastiary
05:56 Beastiary
09:18 Fortress
11:50 Orc Burrow
12:37 Orc Burrow
16:59 Spirit Lodge
17:01 Spirit Lodge
17:47 Orc Burrow
18:57 Great Hall
» items
| Staff of Teleportation | 3 | |
| Boots of Speed | 2 | |
| Lesser Clarity Potion | 2 | |
| Healing Salve | 9 | |
| Scroll of Speed | 1 | |
| Potion of Lesser Invulnerability | 9 | |
| Tiny Great Hall | 1 | |
| Orb of Lightning | 2 | |
| Scroll of Town Portal | 4 | |
| Dust of Appearance | 1 | |
| Periapt of Vitality | 1 | |
35 total
team 2 (loser)

»
NY.Yankees (
green | 50 APM | 2356 actions | 47:14)
5 Death Knight
3 Death Coil
1 Unholy Aura
1 Death Pact
5 Pit Lord
3 Howl of Terror
2 Cleaving Attack
4 Dark Ranger
2 Silence
2 Life Drain
» actions
| Assign group hotkey | 14 | |
| Basic commands | 1 | |
| Build / train | 138 | |
| Enter build submenu | 46 | |
| Enter hero's abilities submenu | 14 | |
| Give item / drop item | 2 | |
| Remove unit from queue | 10 | |
| Right click | 960 | |
| Select / deselect | 426 | |
| Select group hotkey | 583 | |
| Use ability | 162 | |
2356 total
» units
| Acolyte | 25 | |
| Ghoul | 6 | |
| Crypt Fiend | 4 | |
| Frost Wyrm | 12 | |
| Gargoyle | 1 | |
| Siege Engine | 6 | |
| Peasant | 7 | |
| Flying Machine | 7 | |
68 total
» upgrades
| Creature Carapace | 3 | |
| Creature Attack | 1 | |
| Web | 1 | |
| Freezing Breath | 1 | |
6 total
» buildings
| Crypt | 1 | |
| Altar of Darkness | 1 | |
| Ziggurat | 18 | |
| Graveyard | 1 | |
| Tomb of Relics | 4 | |
| Necropolis | 3 | |
| Halls of the Dead | 1 | |
| Nerubian Tower | 3 | |
| Spirit Tower | 6 | |
| Black Citadel | 1 | |
| Sacrificial Pit | 2 | |
| Boneyard | 4 | |
| Town Hall | 1 | |
46 total
» build order
00:34 Crypt
00:38 Altar of Darkness
00:44 Ziggurat
01:06 Graveyard
01:26 Tomb of Relics
01:45 Ziggurat
04:24 Necropolis
04:34 Ziggurat
05:08 Halls of the Dead
06:05 Ziggurat
06:08 Nerubian Tower
06:11 Nerubian Tower
06:15 Tomb of Relics
06:19 Ziggurat
07:34 Spirit Tower
07:34 Spirit Tower
07:38 Ziggurat
07:41 Ziggurat
07:48 Ziggurat
07:50 Ziggurat
07:52 Ziggurat
08:00 Black Citadel
08:35 Necropolis
08:52 Sacrificial Pit
08:57 Sacrificial Pit
09:26 Spirit Tower
10:47 Ziggurat
10:48 Ziggurat
10:50 Ziggurat
10:53 Tomb of Relics
11:13 Boneyard
11:14 Boneyard
11:15 Boneyard
11:42 Nerubian Tower
11:56 Spirit Tower
11:57 Spirit Tower
19:08 Boneyard
19:27 Necropolis
24:29 Ziggurat
24:31 Ziggurat
24:33 Ziggurat
24:36 Ziggurat
25:11 Tomb of Relics
27:02 Ziggurat
28:30 Spirit Tower
44:37 Town Hall
» items
| Rod of Necromancy | 3 | |
| Sacrificial Skull | 2 | |
| Scroll of Town Portal | 5 | |
| Potion of Healing | 4 | |
| Orb of Corruption | 3 | |
| Potion of Lesser Invulnerability | 2 | |
| Scroll of Protection | 1 | |
| Dust of Appearance | 2 | |
| Periapt of Vitality | 1 | |
| Tiny Great Hall | 1 | |
24 total

»
Dr.Sholls (
teal | 48 APM | 1646 actions | 34:07)
4 Dark Ranger
2 Black Arrow
1 Silence
1 Life Drain
3 Death Knight
1 Death Coil
2 Unholy Aura
» actions
| Assign group hotkey | 35 | |
| Basic commands | 3 | |
| Build / train | 61 | |
| Enter build submenu | 19 | |
| Enter hero's abilities submenu | 7 | |
| Give item / drop item | 2 | |
| Right click | 829 | |
| Select / deselect | 386 | |
| Select group hotkey | 253 | |
| Use ability | 51 | |
1646 total
» units
| Acolyte | 16 | |
| Ghoul | 4 | |
| Crypt Fiend | 14 | |
| Assassin | 1 | |
| Obsidian Statue | 3 | |
| Frost Wyrm | 2 | |
40 total
» upgrades
| Creature Attack | 1 | |
| Web | 1 | |
| Freezing Breath | 1 | |
| Creature Carapace | 1 | |
4 total
» buildings
| Altar of Darkness | 1 | |
| Ziggurat | 7 | |
| Crypt | 1 | |
| Graveyard | 1 | |
| Halls of the Dead | 1 | |
| Slaughterhouse | 1 | |
| Temple of the Damned | 1 | |
| Sacrificial Pit | 1 | |
| Tomb of Relics | 1 | |
| Black Citadel | 1 | |
| Spirit Tower | 2 | |
| Boneyard | 2 | |
| Nerubian Tower | 1 | |
21 total
» build order
00:07 Altar of Darkness
00:10 Ziggurat
00:14 Ziggurat
00:18 Crypt
01:09 Graveyard
01:40 Ziggurat
03:23 Halls of the Dead
03:30 Ziggurat
04:11 Ziggurat
07:17 Slaughterhouse
07:22 Temple of the Damned
07:29 Sacrificial Pit
08:38 Tomb of Relics
08:40 Black Citadel
09:37 Ziggurat
09:38 Spirit Tower
11:56 Boneyard
12:01 Boneyard
12:13 Spirit Tower
13:21 Ziggurat
16:44 Nerubian Tower
» items
| Scroll of Town Portal | 2 | |
| Dust of Appearance | 1 | |
3 total
blessthegodzbyg (
orange | 73 APM | 3910 actions | 53:28)
8 Blademaster
3 Wind Walk
3 Critical Strike
1 Bladestorm
1 Mirror Image
1 Shadow Hunter
1 Hex
» actions
| Assign group hotkey | 90 | |
| Basic commands | 47 | |
| Build / train | 84 | |
| Enter build submenu | 38 | |
| Enter hero's abilities submenu | 9 | |
| Give item / drop item | 6 | |
| Remove unit from queue | 4 | |
| Right click | 1833 | |
| Select / deselect | 338 | |
| Select group hotkey | 1231 | |
| Use ability | 230 | |
3910 total
» units
| Peon | 21 | |
| Grunt | 3 | |
| Wind Rider | 6 | |
| Troll Batrider | 5 | |
| Flying Machine | 10 | |
45 total
» upgrades
| Reinforced Defenses | 1 | |
| Envenomed Spears | 1 | |
| Armor | 2 | |
| Ranged Weapons | 2 | |
| Liquid Fire | 1 | |
7 total
» buildings
| Altar of Storms | 1 | |
| Orc Burrow | 7 | |
| Barracks | 1 | |
| Voodoo Lounge | 1 | |
| War Mill | 1 | |
| Stronghold | 1 | |
| Great Hall | 2 | |
| Watch Tower | 60 | |
| Fortress | 1 | |
| Beastiary | 4 | |
79 total
» build order
00:10 Altar of Storms
00:24 Orc Burrow
00:39 Barracks
01:28 Voodoo Lounge
02:12 Orc Burrow
02:46 War Mill
03:18 Stronghold
03:40 Orc Burrow
05:47 Great Hall
05:49 Watch Tower
05:49 Watch Tower
05:52 Watch Tower
05:52 Watch Tower
06:23 Watch Tower
06:24 Watch Tower
07:06 Watch Tower
07:48 Fortress
07:52 Beastiary
08:08 Watch Tower
09:06 Beastiary
09:39 Beastiary
10:35 Orc Burrow
11:00 Watch Tower
11:01 Watch Tower
11:21 Watch Tower
11:42 Orc Burrow
12:17 Watch Tower
12:17 Watch Tower
12:19 Watch Tower
12:20 Watch Tower
15:13 Watch Tower
15:13 Watch Tower
15:13 Watch Tower
16:13 Watch Tower
16:13 Watch Tower
16:14 Watch Tower
16:31 Watch Tower
16:31 Watch Tower
18:52 Watch Tower
18:53 Watch Tower
19:28 Watch Tower
19:28 Watch Tower
19:30 Watch Tower
19:31 Watch Tower
19:32 Watch Tower
19:32 Watch Tower
19:34 Watch Tower
19:35 Watch Tower
19:35 Watch Tower
19:36 Watch Tower
19:36 Watch Tower
20:55 Watch Tower
24:29 Watch Tower
24:29 Watch Tower
25:50 Watch Tower
25:51 Watch Tower
25:51 Watch Tower
25:52 Watch Tower
25:53 Watch Tower
26:55 Watch Tower
26:56 Watch Tower
26:56 Watch Tower
26:57 Watch Tower
26:57 Watch Tower
26:58 Watch Tower
28:04 Orc Burrow
28:50 Orc Burrow
29:59 Watch Tower
30:00 Watch Tower
30:57 Great Hall
33:19 Watch Tower
33:19 Watch Tower
33:20 Watch Tower
33:23 Watch Tower
33:24 Watch Tower
38:54 Beastiary
» items
| Healing Salve | 2 | |
| Boots of Speed | 2 | |
| Staff of Teleportation | 2 | |
| Orb of Lightning | 1 | |
| Tiny Great Hall | 1 | |
| Lesser Clarity Potion | 2 | |
| Potion of Mana | 1 | |
| Scroll of Town Portal | 2 | |
13 total
nooblegal (
purple | 47 APM | 1602 actions | 34:03)
5 Archmage
2 Summon Water Elemental
2 Brilliance Aura
1 Blizzard
» actions
| Assign group hotkey | 58 | |
| Build / train | 157 | |
| Enter build submenu | 43 | |
| Enter hero's abilities submenu | 5 | |
| Remove unit from queue | 2 | |
| Right click | 343 | |
| Select / deselect | 500 | |
| Select group hotkey | 396 | |
| Use ability | 97 | |
1602 total
» units
| Peasant | 23 | |
| Rifleman | 13 | |
| Mortar Team | 17 | |
| Priest | 12 | |
| Flying Machine | 25 | |
| Siege Engine | 11 | |
101 total
» upgrades
| Gunpowder | 3 | |
| Armor | 2 | |
| Masonry | 3 | |
| Long Rifles | 1 | |
| Lumber Harvesting | 2 | |
| Flare | 1 | |
| Magic Sentry | 1 | |
| Priest Training | 2 | |
| Plating | 3 | |
| Fragmentation Shards | 1 | |
| Flak Cannons | 1 | |
| Flying Machine Bombs | 1 | |
| Barrage | 1 | |
22 total
» buildings
| Altar of Kings | 2 | |
| Farm | 8 | |
| Blacksmith | 1 | |
| Barracks | 1 | |
| Lumber Mill | 1 | |
| Scout Tower | 20 | |
| Guard Tower | 14 | |
| Arcane Vault | 1 | |
| Keep | 1 | |
| Town Hall | 2 | |
| Workshop | 3 | |
| Arcane Sanctum | 1 | |
| Arcane Tower | 1 | |
| Castle | 1 | |
57 total
» build order
00:28 Altar of Kings
00:34 Farm
01:14 Blacksmith
01:17 Farm
02:02 Barracks
02:29 Farm
02:59 Lumber Mill
03:16 Scout Tower
03:42 Farm
04:12 Guard Tower
04:31 Arcane Vault
04:51 Keep
06:04 Scout Tower
06:27 Town Hall
06:38 Guard Tower
06:42 Farm
07:20 Workshop
07:29 Farm
07:45 Workshop
08:34 Arcane Sanctum
09:20 Scout Tower
09:24 Scout Tower
09:47 Scout Tower
09:52 Guard Tower
10:00 Arcane Tower
10:11 Scout Tower
10:50 Scout Tower
10:57 Scout Tower
10:58 Guard Tower
11:22 Scout Tower
11:24 Guard Tower
11:33 Farm
12:30 Scout Tower
12:31 Guard Tower
13:06 Castle
13:28 Guard Tower
13:33 Guard Tower
13:58 Scout Tower
14:36 Guard Tower
14:40 Scout Tower
15:17 Guard Tower
15:21 Scout Tower
15:41 Workshop
16:33 Guard Tower
21:00 Altar of Kings
22:25 Scout Tower
22:29 Scout Tower
22:33 Scout Tower
23:03 Guard Tower
23:09 Farm
31:43 Scout Tower
31:55 Town Hall
32:29 Scout Tower
32:32 Guard Tower
33:03 Scout Tower
33:23 Guard Tower
33:26 Scout Tower
» items
| Scroll of Regeneration | 1 | |
| Potion of Healing | 3 | |
| Scroll of Town Portal | 4 | |
| Orb of Fire | 1 | |
9 total
Chat log
(00:20 / All) blessthegodzbyg: gonna rape ur base yellow
(00:29 / All) Hello-DIE-U-HOE: okay?
(00:35 / All) Harry.Tits: as long as you have fun doing it
(00:37 / All) blessthegodzbyg: just showing gamesmanship
(00:45 / All) Hello-DIE-U-HOE: are we going to take turns?
(00:47 / All) I.Suck.Go.Easy: im gonna rape your facE~!
(00:55 / All) Harry.Tits: *you're
(01:04 / All) Hello-DIE-U-HOE: sorry for my gay comrads remark
(01:07 / All) blessthegodzbyg: top score gets pics of my sister, win or lose
(01:09 / All) blessthegodzbyg: fair?
(01:18 / All) I.Suck.Go.Easy: if you wanna go that far red
(01:18 / All) Hello-DIE-U-HOE: hell yeah!
(01:21 / Allies) I.Suck.Go.Easy: then gonna isnt a word
(01:24 / All) Hello-DIE-U-HOE: i wanna see oj
(01:35 / All) Harry.Tits: yeah!
(01:41 / All) blessthegodzbyg: aight just try not to hit my base til last cuz im in a good mood
(01:47 / All) Hello-DIE-U-HOE: sweet
(01:52 / All) Hello-DIE-U-HOE: is she of legal age?
(01:54 / All) Dr.Sholls: i bet ur sisters fat
(01:56 / All) Hello-DIE-U-HOE: grass on the field?
(01:58 / All) blessthegodzbyg: 20
(02:03 / All) Hello-DIE-U-HOE: k cool
(02:09 / All) Hello-DIE-U-HOE: we dont wanna be no pedis
(02:13 / All) I.Suck.Go.Easy: im fat
(02:19 / All) Hello-DIE-U-HOE: its all good blue
(02:22 / All) Harry.Tits: Who is 'we'?
(02:28 / All) Hello-DIE-U-HOE: you and my penis has the same trait
(02:44 / All) I.Suck.Go.Easy: my penis in anerexic
(03:01 / All) Hello-DIE-U-HOE: its all good blue
(03:11 / All) Hello-DIE-U-HOE: its not how deep u fish.... its how u wiggle the worm
(03:25 / All) blessthegodzbyg: lol!
(03:27 / All) newplayer222.: Fuck I forgot my hero lawl
(03:31 / All) newplayer222.: I was wondering why I wasn't doing anything
(03:37 / All) I.Suck.Go.Easy: thats true, it only took the girl 2 minutes to realize i was in
(03:52 / All) Hello-DIE-U-HOE: lol
(04:07 / All) Hello-DIE-U-HOE: was she like ... cmon r we gonna do this or what?
(04:13 / All) Hello-DIE-U-HOE: and u reply... ? im done!
(04:15 / All) I.Suck.Go.Easy: shes was like
(04:19 / All) I.Suck.Go.Easy: tell me when ur ready
(04:31 / All) I.Suck.Go.Easy: i was sleepin by that point
(04:36 / All) Hello-DIE-U-HOE: lol
(05:19 / Allies) newplayer222.: That's my green camp faggot yellow
(05:35 / All) newplayer222.: piece of fucking trash yellow stole my green cramp
(05:40 / All) newplayer222.: camp LOL
(05:43 / All) newplayer222.: he's going to eat shit later
(06:23 / Allies) Harry.Tits: creep jack
(06:35 / Allies) newplayer222.: At least yours weren't taken by a fucking faggot orc ally
(08:57 / Allies) newplayer222.: check expos
(10:47 / All) newplayer222.: lucky faggot
(11:02 / All) newplayer222.: I'm going to make you eat shit
(11:21 / All) Dr.Sholls: white dog shit?
(11:53 / Allies) newplayer222.: mortar
(12:42 / Allies) Hello-DIE-U-HOE: wanna share some gold pink
(12:56 / Allies) newplayer222.: You took my green camp early on so not really
(14:08 / Allies) Harry.Tits: meet?
(14:25 / All) newplayer222.: teal is a wyrmbot too
(15:52 / Allies) Harry.Tits: tp
(17:01 / Allies) Harry.Tits: pink, if you could give me 2k , thatd be good
(17:09 / Allies) newplayer222.: It sure wouldn't be for my bank though
(17:35 / Allies) Harry.Tits: i got dust
(17:40 / All) Dr.Sholls: spend enough on tps pink
(17:55 / All) newplayer222.: I have 2 gold mines how about you?
(18:07 / All) Dr.Sholls: how many units do u have
(18:11 / All) newplayer222.: 50 food
(19:42 / All) Dr.Sholls: almost, try again later imsure
(19:52 / Allies) Harry.Tits: brt
(19:58 / All) newplayer222.: You're a faggot and will eat my shit
(20:02 / All) newplayer222.: and in fact already are
(20:26 / All) Dr.Sholls: faggot is a harsh word
(20:33 / All) Dr.Sholls: do u get called that in school?
(20:57 / All) Dr.Sholls: or lemme guess, at work now where u sit in a cubicle
(21:00 / All) newplayer222.: lol
(21:03 / All) newplayer222.: I'm not a peasant like you
(21:08 / All) newplayer222.: I have no need for such frivolous things
(21:13 / All) newplayer222.: Convenient time on that repair
(21:43 / Allies) Harry.Tits: brt
(22:35 / All) Dr.Sholls: you should have gone to school cuz frivolous doesnt mean what u think it means
(22:47 / All) newplayer222.: Did you look that up in a dictionary? A bit of a late reply
(22:59 / All) Dr.Sholls: haha
(23:06 / All) Hello-DIE-U-HOE: googled
(23:14 / All) newplayer222.: He didn't know what it means and had to look it up
(23:25 / All) newplayer222.: sup
(23:27 / All) Dr.Sholls: omg he has units
(25:28 / Allies) newplayer222.: saw an aco
(25:39 / All) newplayer222.: EAT SHIT
(26:02 / All) Dr.Sholls: oh now you wil
(26:08 / All) Dr.Sholls: stay and fight with ur butt buddy blue
(26:32 / All) newplayer222.: Fucking raped
(26:42 / All) Dr.Sholls: gj blue
(26:43 / Allies) Harry.Tits: it was 3 vs 1 for 90% of the game
(26:53 / Allies) newplayer222.: I did more with my pitlord than you did all game dumb fucking chimbot
(27:06 / All) Dr.Sholls: oh and purp u were there too gj
(27:08 / Allies) newplayer222.: so shut the fuck up
(27:16 / All) Dr.Sholls: pink*
(27:22 / All) newplayer222.: Yeah congratulate them to try to spite me you stupid shit
(27:28 / All) newplayer222.: you have the wit of a 5-year-old child
(27:32 / All) Dr.Sholls: wow you figured it out
(27:33 / All) newplayer222.: and are half as insulting when you want to be
(28:33 / All) Dr.Sholls: i guess you have a lot of time to play this when you dont have a need for frivolous things like school or work
(28:47 / All) newplayer222.: I have no time for office jobs, they're made for individuals such as yourself
(28:59 / All) newplayer222.: But yes I do have a lot of spare time since I don't like being a wage slave like yourself either
(29:00 / All) Harry.Tits: dont hate office jobs
(29:27 / All) Dr.Sholls: if i worked in an office, why would i make fun of you for
(29:45 / All) newplayer222.: You probably got promoted past the desk
(29:50 / All) newplayer222.: and feel superior
(30:12 / Allies) I.Suck.Go.Easy: pink why are u tkin
(30:13 / Allies) Harry.Tits: if you could not kill my hero, thatd be great
(30:17 / All) newplayer222.: Stupid fucking chimbot
(30:19 / All) newplayer222.: bitching to me
(30:26 / All) newplayer222.: and yellow is a green camp stealing little shit
(30:28 / All) newplayer222.: my team has to lose
(30:39 / All) newplayer222.: Blue is safe
(30:54 / All) Harry.Tits: as long as i get the win, im ok
(30:57 / All) newplayer222.: You won't
(31:09 / All) Harry.Tits: well im gonna surf the web then
(33:34 / Allies) I.Suck.Go.Easy: pink can we win this =/ these enemies are as stupid and fucked up as our team
(34:35 / All) Hello-DIE-U-HOE: wow pink
(34:42 / All) Hello-DIE-U-HOE: u really are a d bag
(34:42 / All) newplayer222.: GREEN CAMP STEALING SCUM
(34:45 / All) blessthegodzbyg: babies
(34:47 / All) blessthegodzbyg: in this gme
(34:51 / All) newplayer222.: I'm not the one that took the green camp
(34:54 / All) newplayer222.: Fucking faggot
(34:54 / All) newplayer222.: Get out
(34:59 / All) newplayer222.: ALL THESE PIECES OF SHIT ON MY BATTLE.NET
(35:02 / All) newplayer222.: Stealing green camp
(35:03 / All) Hello-DIE-U-HOE: lol
(35:05 / All) newplayer222.: Chimbots complaining to me
(35:12 / All) newplayer222.: Fucking faggot teal thinking he's hot shit when he's a dumb cunt
(35:17 / All) Hello-DIE-U-HOE: heres a tissue pink
(35:22 / All) Hello-DIE-U-HOE: merry christmas
(35:36 / All) Hello-DIE-U-HOE: i did wipe my ass first with it, but u wont mind
(35:40 / Allies) I.Suck.Go.Easy: why..
(35:52 / All) blessthegodzbyg: wuts happening on that side?
(36:02 / All) Hello-DIE-U-HOE: pinks having a crybaby attack
(36:08 / All) newplayer222.: Nay
(36:12 / All) newplayer222.: I am cleaning out the trash
(36:15 / All) newplayer222.: i am a sanitary engineer
(36:22 / Allies) I.Suck.Go.Easy: what have i done to you
(36:23 / All) Hello-DIE-U-HOE: put the gun to your head pink
(36:29 / All) newplayer222.: You seem rather peeved
(36:35 / All) Hello-DIE-U-HOE: thats the biggest trash here
(36:36 / All) newplayer222.: Does it happen to be that you are in a fit of rage?
(36:38 / All) Hello-DIE-U-HOE: one and one
(36:44 / All) Hello-DIE-U-HOE: am i?
(36:50 / All) Hello-DIE-U-HOE: im laughing over here
(37:00 / All) Hello-DIE-U-HOE: if thats rage to you... then har har har?
(37:10 / All) newplayer222.: Yeah I bet this is fucking hilarious to you
(37:21 / All) Hello-DIE-U-HOE: you amuse me
(37:23 / All) newplayer222.: No you're one of those dumb little shits who get offended then try to laugh to make it look like you aren't angry
(37:25 / All) newplayer222.: and go HAHAHAHA
(37:30 / All) newplayer222.: but are really fucking pissed
(37:31 / All) Hello-DIE-U-HOE: right
(37:46 / All) Hello-DIE-U-HOE: b/c you know so much about people responses
(38:02 / All) Hello-DIE-U-HOE: lots of time to come up with those assumptions
(38:05 / All) blessthegodzbyg: oh shit tc with dagger
(38:15 / All) Hello-DIE-U-HOE: living with your parents still i assume?
(38:24 / All) Hello-DIE-U-HOE: rage all day
(38:25 / All) newplayer222.: No I'm not
(38:31 / All) newplayer222.: I'm not angry at all either
(38:44 / All) newplayer222.: Thanks for the mine bud
(39:16 / All) NY.Yankees: that just finished
(39:17 / All) newplayer222.: Thanks for the unsummon to speed it up
(39:28 / All) newplayer222.: Yes it did
(39:55 / All) blessthegodzbyg: who the fuck took all
(39:57 / All) blessthegodzbyg: corner items
(40:34 / All) blessthegodzbyg: top score yes
(42:06 / All) blessthegodzbyg: he whispere me his email for pics of my sis lol
(42:08 / All) newplayer222.: LOL
(43:06 / All) NY.Yankees: Howl : )
(43:51 / All) newplayer222.: I like blue
(43:55 / All) newplayer222.: He used a salve on me
(43:59 / All) newplayer222.: I apologise for attacking him earlier
(44:04 / All) blessthegodzbyg: i like green
(44:06 / All) blessthegodzbyg: too
(44:18 / Allies) I.Suck.Go.Easy: hmm
(44:28 / Allies) I.Suck.Go.Easy: need wood?
(44:33 / Allies) newplayer222.: Sure
(45:04 / All) newplayer222.: I forgot how good flak was
(45:31 / Allies) I.Suck.Go.Easy: like 1 tank would own alllll purple lol
(45:40 / Allies) newplayer222.: yeah
(45:44 / Allies) newplayer222.: doesn't do much damage against gyros though
(45:52 / All) blessthegodzbyg: i am sorry green
(45:55 / All) blessthegodzbyg: but this is business
(45:59 / All) blessthegodzbyg: nothing personal
(46:28 / All) newplayer222.: Standoff?
(46:57 / All) blessthegodzbyg: he is my friend
(47:00 / All) blessthegodzbyg: nothing personal
(47:12 / All) blessthegodzbyg: nothing personal man
(47:21 / All) blessthegodzbyg: he said fuck u cunt
(47:26 / All) I.Suck.Go.Easy: lol
(47:30 / All) newplayer222.: Just my team left now I think?
(47:34 / All) blessthegodzbyg: give blue the win?
(47:40 / All) blessthegodzbyg: yes just blue
(47:49 / All) blessthegodzbyg: u can browse and me and blue can fuck around if u want
(48:19 / All) newplayer222.: I want my team to lose
(48:24 / All) newplayer222.: 2 faggots against 1
(48:43 / All) newplayer222.: Help me kill my shit
(48:48 / All) newplayer222.: Oh he is?
(48:49 / All) blessthegodzbyg: k
(48:54 / All) newplayer222.: 3-7
(48:56 / All) blessthegodzbyg: aka blue?
(49:32 / All) blessthegodzbyg: my idiot allies
(49:37 / All) blessthegodzbyg: would not defend my expo early on
(49:38 / All) newplayer222.: He has a dagger too god damn
(49:39 / All) blessthegodzbyg: it was towered too
(49:45 / All) newplayer222.: I'll just go after buildings
(50:17 / Allies) I.Suck.Go.Easy: this was a fun game
(50:27 / All) newplayer222.: Yeah it was blue
(50:36 / All) blessthegodzbyg: that what?
(50:55 / All) I.Suck.Go.Easy: it was a fun game
(51:06 / All) blessthegodzbyg: i have to see ur chatlog
(52:17 / All) I.Suck.Go.Easy: funny thing red thinks he gonna win
(52:24 / All) newplayer222.: They always do
(52:58 / All) newplayer222.: Any final words for us blue? Getting to the last buildings
(53:10 / All) I.Suck.Go.Easy: ill miss you guys
(53:26 / All) I.Suck.Go.Easy: <4